 Dungeon Crawl Stone Soup version 0.23-a0-550-g7de1f8e (webtiles) character file.

10319 Lavandula the Slicer (level 11, -4/103 HPs)
             Began as a Halfling Enchanter on Dec 8, 2018.
             Was a High Priest of Vehumet.
             Slain by a skeletal warrior
             ... wielding a +0 dire flail
              (14 damage)
             ... on level 13 of the Dungeon.
             The game lasted 00:47:16 (8499 turns).

Lavandula the Slicer (Halfling Enchanter)           Turns: 8499, Time: 00:47:17

Health: -4/103     AC:  8    Str: 17    XL:     11   Next: 90%
Magic:  12/14      EV: 23    Int: 16    God:    Vehumet [*****.]
Gold:   144        SH:  7    Dex: 21    Spells: 1/14 levels left

rFire    + + .     SeeInvis .   p - +4 scimitar (flame)
rCold    + . .     Gourm    .   j - +0 buckler
rNeg     + + .     Faith    +   w - +2 robe {rF+}
rPois    +         Spirit   .   s - -2 hat of the Alchemist {rElec rPois rF+ rC+ rN+ MR+ rMut rCorr}
rElec    +         Reflect  .   b - +2 cloak
rCorr    +         Harm     .   (no gloves)
rMut     +                      (no boots)
MR       .....                  M - amulet of faith
Stlth    ..........             g - +3 ring of protection
HPRegen  0.27/turn              q - ring of Mirth {rPois rN+ MR- Str+3 Dex+5}
MPRegen  0.14/turn

@: berserking (expiring), very quick
A: small, antennae 1, mutation resistance 1
a: Renounce Religion


You were on level 13 of the Dungeon.
You worshipped Vehumet.
Vehumet was extremely pleased with you.
You were hungry.

You visited 2 branches of the dungeon, and saw 14 of its levels.
You also visited: Sewer.

You collected 570 gold pieces.
You spent 426 gold pieces at shops.

Inventory:

Hand Weapons
 a - a +2 dagger
 p - a +4 scimitar of flaming (weapon)
 v - the +1 rapier of Ashenzari's Reproof {freeze, rPois rF+ MR+}
   (You found it on level 5 of the Dungeon)

   It has been specially enchanted to freeze those struck by it, causing extra
   injury to most foes and up to half again as much damage against particularly
   susceptible opponents.
   It can also slow down cold-blooded creatures.
   It protects you from fire.
   It protects you from poison.
   It affects your resistance to hostile enchantments.
 O - a +0 blowgun
Missiles
 i - 28 poisoned needles
 P - 2 curare-tipped needles
Armour
 b - a +2 cloak (worn)
 f - the +1 ring mail of the Endless Expanse {rF- rC++ MR+}
   (You found it on level 10 of the Dungeon)

   It makes you vulnerable to fire.
   It greatly protects you from cold.
   It affects your resistance to hostile enchantments.
 j - a +0 buckler (worn)
 m - a +0 robe of cold resistance
 s - the -2 hat of the Alchemist (worn) {rElec rPois rF+ rC+ rN+ MR+ rMut rCorr}
   (You found it on level 4 of the Dungeon)

   It protects you from fire.
   It protects you from cold.
   It insulates you from electricity.
   It protects you from poison.
   It protects you from negative energy.
   It affects your resistance to hostile enchantments.
   It provides partial protection from all sources of acid and corrosion.
   It protects you from mutation.
 w - a +2 robe of fire resistance (worn)
 J - a scarf of resistance
Jewellery
 c - an uncursed amulet of guardian spirit
 g - a +3 ring of protection (left hand)
 q - the ring of Mirth (right hand) {rPois rN+ MR- Str+3 Dex+5}
   (You found it on level 4 of the Dungeon)

   [ring of positive energy]

   It affects your strength (+3).
   It affects your dexterity (+5).
   It protects you from poison.
   It protects you from negative energy.
   It affects your resistance to hostile enchantments.
 r - an uncursed ring of positive energy
 M - an amulet of faith (around neck)
 Q - an uncursed ring of fire
Wands
 n - a wand of random effects (1)
 y - a wand of flame (10)
 H - a wand of paralysis (2)
 R - a wand of iceblast (18)
Scrolls
 e - 3 scrolls of enchant weapon
 h - 3 scrolls of amnesia
 k - 4 scrolls of identify
 l - 2 scrolls of immolation
 u - a scroll of fear
 A - 2 scrolls of enchant armour
 F - a scroll of teleportation
 I - 4 scrolls of fog
 S - a scroll of brand weapon
Potions
 o - a potion of haste
 t - 3 potions of might
 x - 8 potions of heal wounds
 z - 7 potions of brilliance
 B - a potion of curing
 C - 3 potions of agility
 D - 2 potions of flight
 E - 2 potions of magic
 G - a potion of berserk rage
 K - 2 potions of ambrosia
 L - a potion of invisibility
 N - a potion of mutation
Comestibles
 d - 18 rations
 T - 3 chunks of flesh


   Skills:
 - Level 4.1 Fighting
 - Level 10.3(11.5) Short Blades
 - Level 7.3(9.2) Long Blades
 - Level 9.0 Dodging
 - Level 3.2 Stealth
 - Level 5.7 Shields
 - Level 2.3 Spellcasting
 + Level 6.2 Conjurations
 - Level 2.5 Hexes
 - Level 4.0 Poison Magic


You had one spell level left.
You knew the following spells:

 Your Spells              Type           Power        Failure   Level  Hunger
a - Corona                Hex            #......      7%          1    #......
b - Ensorcelled Hibernat  Hex/Ice        #.....       19%         2    ###....
c - Confuse               Hex            #.......     22%         3    ###....
d - Dazzling Spray        Conj/Hex       ###...       2%          3    ###....
e - Olgreb's Toxic Radia  Pois           ##......     11%         4    #####..

Your spell library contained the following spells:

 Spells                   Type           Power        Failure   Level  Hunger
 Venom Bolt               Conj/Pois      ###.......   17%         5    ######.
 Tukima's Dance           Hex            #.......     22%         3    ###....


Dungeon Overview and Level Annotations

Branches:
Dungeon (13/15)            Temple (1/1) D:4            Lair (0/6) D:10
    Orc (0/2) D:11
 Vaults: D:13-14

Altars:
Ashenzari
Cheibriados
Kikubaaqudgha
Nemelex Xobeh
Okawaru
Qazlal
Vehumet
The Shining One

Shops:
D:8 (   D:9 *   D:10 *   D:11 !*!%(

Annotations:
D:5 exclusion: door
D:6 Israelsuks's ghost, novice TrVM
D:12 exclusion: oklob plant
D:13 exclusion: obsidian statue


Innate Abilities, Weirdness & Mutations

You are small and have problems with some larger weapons.
You are somewhat resistant to further mutation.
You have a pair of small antennae on your head.


Message History

You hit the skeletal warrior. You burn the skeletal warrior.
The skeletal warrior is heavily damaged.
You closely miss the skeletal warrior.
The skeletal warrior is heavily damaged.
The skeletal warrior hits you with a +0 dire flail!!
* * * LOW HITPOINT WARNING * * *
You closely miss the skeletal warrior.
The skeletal warrior is heavily damaged.
The skeletal warrior hits you with a +0 dire flail!
* * * LOW HITPOINT WARNING * * *
You slash the skeletal warrior! You burn the skeletal warrior.
The skeletal warrior is severely damaged.
You block the skeletal warrior's attack.
You hit the skeletal warrior. You burn the skeletal warrior.
The skeletal warrior is severely damaged.
The skeletal warrior closely misses you.
You completely miss the skeletal warrior.
The skeletal warrior is severely damaged.
The skeletal warrior hits you with a +0 dire flail!
You die...

#........M≈..≈.
#....:.........
#..............
#.............
#............(
#.............
#.............
#.....zM......
#.....@......>
#....######...
#.....# .
#..........
#....#......#
#....#..H...#
#... #.....P..
#.. ####.z.8..
#.. .8P8..


You could see a skeletal warrior and a mummy.

Vanquished Creatures
  Erica (D:8)
  An unseen horror (D:11)
  Pikel (D:6)
  2 gargoyles
  A hornet (D:10)
  3 slime creatures
  3 hippogriffs
  A shadow (D:11)
  8 yaks
  A vampire (D:10)
  A basilisk (D:10)
  3 wyverns
  Duvessa (D:6)
  5 orc warriors
  2 black bears
  2 ice beasts
  3 sky beasts
  A slave (D:6)
  An eye of draining (D:13)
  2 ogres (D:11)
  3 centaurs
  A phantom (D:6)
  A crocodile (D:10)
  Blork the orc (D:4)
  4 big kobolds
  4 bullfrogs
  2 water moccasin zombies (D:9)
  A wyvern zombie (D:13)
  6 scorpions
  6 killer bees
  2 howler monkeys (D:8)
  5 wights (D:11)
  A bullfrog zombie (D:8)
  A centaur zombie (D:11)
  2 crimson imps
  2 jellies
  4 hounds
  5 orc priests
  A centaur skeleton (D:6)
  2 bullfrog skeletons
  Natasha (thrice) (D:4)
  An iguana (D:11)
  10 orc wizards
  7 worker ants
  A hound zombie (D:6)
  18 adders
  5 river rats (Sewer)
  2 shadow imps
  3 oozes
  2 adder skeletons
  An adder zombie (D:9)
  2 dart slugs
  3 leopard geckos
  29 orcs
  3 giant cockroaches
  3 hobgoblins
  9 jackals
  15 kobolds
  4 quokkas
  4 ball pythons
  3 bats
  4 frilled lizards
  21 rats
250 creatures vanquished.

Vanquished Creatures (others)
  A bullfrog (D:6)
  Dowan (D:6)
  An orc priest (D:6)
  An orc (D:6)
4 creatures vanquished.

Grand Total: 254 creatures vanquished

Notes
Turn   | Place    | Note
-------+----------+-------------------------------------------
     0 | D:1      | Lavandula the Halfling Enchanter began the quest for the
                  | Orb.
     0 | D:1      | Reached XP level 1. HP: 11/11 MP: 3/3
   117 | D:1      | Reached skill level 2 in Short Blades
   117 | D:1      | Reached XP level 2. HP: 17/17 MP: 4/4
   127 | D:1      | Learned a level 2 spell: Ensorcelled Hibernation
   552 | D:1      | Reached skill level 3 in Short Blades
   553 | D:1      | Reached XP level 3. HP: 21/21 MP: 5/5
   863 | D:3      | Reached skill level 4 in Short Blades
   863 | D:3      | Reached XP level 4. HP: 27/27 MP: 6/6
   891 | D:3      | Learned a level 3 spell: Confuse
  1040 | D:4      | Noticed Natasha
  1042 | D:4      | Killed Natasha
  1042 | D:4      | Reached skill level 5 in Short Blades
  1042 | D:4      | Reached XP level 5. HP: 31/31 MP: 7/7
  1049 | D:4      | Got a fine tin ring
  1050 | D:4      | Identified the ring of Mirth {rPois rN+ MR- Str+3 Dex+5}
                  | (You found it on level 4 of the Dungeon)
  1085 | D:4      | Found a staircase to the Ecumenical Temple.
  1094 | D:4      | Found the -2 hat of the Alchemist {rElec rPois rF+ rC+ rN+
                  | MR+ rMut rCorr}
  1102 | D:4      | wow
  1116 | Temple   | Entered the Ecumenical Temple
  1159 | Temple   | Became a worshipper of Vehumet
  1202 | D:4      | Noticed Blork the orc
  1205 | D:4      | Killed Blork the orc
  1205 | D:4      | Reached skill level 6 in Short Blades
  1226 | D:5      | Entered Level 5 of the Dungeon
  1253 | D:4      | Reached XP level 6. HP: 36/36 MP: 5/8
  1335 | D:5      | Got a faintly glowing rapier
  1344 | D:5      | Identified the cursed +1 rapier of Ashenzari's Reproof
                  | {freeze, rPois rF+ MR+} (You found it on level 5 of the
                  | Dungeon)
  1478 | D:5      | Found a glowing drain.
  1493 | Sewer    | Entered a sewer
  1608 | Sewer    | Reached skill level 7 in Short Blades
  1720 | Sewer    | Reached * piety under Vehumet
  1720 | Sewer    | Offered knowledge of Freeze by Vehumet.
  1833 | Sewer    | Reached XP level 7. HP: 20/41 MP: 0/10
  1875 | Sewer    | Learned a level 3 spell: Dazzling Spray
  1986 | Sewer    | Reached skill level 1 in Conjurations
  2197 | D:4      | Reached ** piety under Vehumet
  2218 | D:4      | Offered knowledge of Shock by Vehumet.
  2218 | D:4      | Reached XP level 8. HP: 46/46 MP: 6/11
  2232 | D:4      | Noticed Natasha
  2238 | D:4      | Killed Natasha
  2454 | D:4      | Noticed Natasha
  2460 | D:4      | Killed Natasha
  2559 | D:4      | Reached skill level 8 in Short Blades
  2672 | D:6      | Noticed Pikel
  2871 | D:6      | Noticed Israelsuks's ghost (novice TrVM)
  2918 | D:6      | Reached skill level 9 in Short Blades
  3108 | D:6      | Noticed Duvessa
  3108 | D:6      | Noticed Dowan
  3394 | D:6      | Reached skill level 10 in Short Blades
  3507 | D:6      | Killed Pikel
  3507 | D:6      | Reached XP level 9. HP: 58/58 MP: 9/12
  3543 | D:6      | Killed Dowan
  3550 | D:6      | Killed Duvessa
  3550 | D:6      | Offered knowledge of Throw Flame by Vehumet.
  3966 | D:7      | Reached skill level 5 in Dodging
  3991 | D:7      | Reached *** piety under Vehumet
  4172 | D:9      | Found Ykanu's Assorted Antiques.
  4180 | D:9      | Bought an emerald potion for 27 gold pieces
  4180 | D:9      | Bought a scroll labeled YBAFYCVEAGO for 31 gold pieces
  4202 | D:8      | Noticed Erica
  4372 | D:8      | Found an ancient bone altar of Kikubaaqudgha.
  4519 | D:8      | Gained mutation: You tend to lose your temper in combat.
                  | [potion of mutation]
  4520 | D:8      | Lost mutation: You tend to lose your temper in combat.
                  | [potion of mutation]
  4520 | D:8      | Gained mutation: You have a pair of small antennae on your
                  | head. [potion of mutation]
  4578 | D:8      | Found Qedgh's Antique Weapon Shoppe.
  4598 | D:8      | Offered knowledge of Iskenderun's Mystic Blast by Vehumet.
  4769 | D:8      | Killed Erica
  4769 | D:8      | Reached XP level 10. HP: 46/63 MP: 2/13
  4883 | D:8      | Reached skill level 1 in Long Blades
  5230 | D:10     | Entered Level 10 of the Dungeon
  5669 | D:10     | Reached skill level 1 in Shields
  5685 | D:10     | Found a staircase to the Lair.
  5685 | D:10     | Noticed a death yak
  5685 | D:10     | Noticed an elephant
  5815 | D:8      | Reached **** piety under Vehumet
  5854 | D:9      | Offered knowledge of Olgreb's Toxic Radiance by Vehumet.
  5860 | D:9      | Learned a level 4 spell: Olgreb's Toxic Radiance
  6043 | D:10     | Got a polished ring mail
  6067 | D:10     | Identified the cursed +1 ring mail of the Endless Expanse
                  | {rF- rC++ MR+} (You found it on level 10 of the Dungeon)
  6139 | D:11     | Found Cocs's Food Emporium.
  6180 | D:11     | Found Ehyih's Distillery.
  6188 | D:11     | Bought a potion of magic for 96 gold pieces
  6188 | D:11     | Bought a potion of invisibility for 96 gold pieces
  6188 | D:11     | Bought a potion of ambrosia for 96 gold pieces
  6205 | D:11     | Found Ijiarocw's Distillery.
  6228 | D:11     | Found Qaeq's General Store.
  6231 | D:11     | Bought a potion of berserk rage for 80 gold pieces
  6293 | D:10     | Found Xodielio's General Store.
  6357 | D:10     | Reached skill level 5 in Shields
  6395 | D:10     | Reached skill level 1 in Poison Magic
  6457 | D:10     | Reached XP level 11. HP: 53/69 MP: 4/14
  6800 | D:11     | Found an iron altar of Okawaru.
  6816 | D:11     | Reached skill level 5 in Long Blades
  6824 | D:11     | Reached ***** piety under Vehumet
  6829 | D:11     | Found a staircase to the Orcish Mines.
  6856 | D:11     | Offered knowledge of Venom Bolt by Vehumet.
  7248 | D:11     | Killed an unseen horror
  7798 | D:11     | Found Hutuy's Weapon Boutique.
  7978 | D:12     | Noticed an oklob plant
  8022 | D:12     | Reached skill level 5 in Conjurations
  8200 | D:13     | Noticed an obsidian statue
  8399 | D:13     | Noticed a skeletal warrior
  8457 | D:12     | Noticed an eight-headed hydra
  8476 | D:13     | Noticed a skeletal warrior
  8477 | D:13     | Noticed a skeletal warrior
  8499 | D:13     | Slain by a skeletal warrior

Vault maps used:
D:1:      erik_arrival_triangle_small, minmay_door_square
D:3:      cheibrodos_gnoll_hut, uniq_robin
D:4:      minmay_temple_entry_grid, uniq_natasha, uniq_blork_the_orc
D:5:      first_ration, portal_sewer_entry_d, kennysheep_nondescript
D:6:      gammafunk_ghost_icy, uniq_pikel, uniq_duvessa, uniq_grinder
D:7:      bh_walls_and_bars
D:8:      kiku_gazebo_pond_becter, serial_shops, shop, grunt_livestock,
          uniq_erica
D:9:      serial_glass, glass_columns_c, glass_columns_c, serial_shops, shop,
          nrook_uturn
D:10:     david_lair_generic, serial_shops, shop
D:11:     orc_0_dummy, serial_shops, shop, nicolae_shop_behind_doors,
          kennysheep_mini, nicolae_shop_trees, shop, okawaru_ov_weapons_minmay
D:12:     mludivico_vault, lemuel_oklob_altar
D:13:     serial_undead, serial_undead_c, serial_undead_e, serial_undead_c,
          serial_undead_d, serial_undead_e, serial_undead_f, minivault_16,
          kennysheep_generic_room_6
Temple:   roderic_octagonal_lattice_temple
Sewer:    sewer_minmay_treatment

Skill      XL: |  1  2  3  4  5  6  7  8  9 10 11 |
---------------+----------------------------------+-----
Short Blades   | 2 3 4 5 6 7 10 | 10.3
Spellcasting   | 2 |  2.3
Conjurations   | 3 6 |  6.2
Fighting       | 4 |  4.1
Dodging        | 8 9 |  9.0
Long Blades    | 4 7 |  7.3
Shields        | 5 |  5.7
Poison Magic   | 2 4 |  4.0
Stealth        | |  3.2
Hexes          | |  2.5

Action                   |  1- 3 |  4- 6 |  7- 9 | 10-12 || total
-------------------------+-------+-------+-------+-------++-------
Melee: Dagger            |    72 |    29 |       |     4 ||   105
       Rapier            |       |    95 |   246 |   239 ||   580
       Scimitar          |       |       |       |    85 ||    85
 Cast: Corona            |     6 |     5 |       |     1 ||    12
       Ensorcelled Hiber |     4 |    11 |    64 |    52 ||   131
       Confuse           |       |       |     6 |    11 ||    17
       Dazzling Spray    |       |       |     6 |    27 ||    33
       Olgreb's Toxic Ra |       |       |       |    14 ||    14
Evoke: Wand              |       |     1 |     4 |     6 ||    11
  Use: Scroll            |       |     8 |     9 |     9 ||    26
       Potion            |       |     1 |     7 |     1 ||     9
 Stab: Sleeping          |     8 |    13 |    33 |    26 ||    80
       Distracted        |       |       |     1 |     1 ||     2
       Confused          |       |       |     2 |     2 ||     4
       Invisible         |       |       |     2 |     4 ||     6
       Paralysed         |       |       |       |     2 ||     2
  Eat: Chunk             |       |     5 |    13 |    17 ||    35
       Ration            |       |       |     1 |     2 ||     3
Armor: Robe              |    14 |    16 |    23 |    45 ||    98
Dodge: Dodged            |    58 |    69 |   169 |   255 ||   551
Block: Buckler           |       |       |       |    55 ||    55
       Rpst.: Scimitar   |       |       |       |    14 ||    14

Table legend:
 A = Non-vault XP
 B = Vault XP
 C = Vault XP percentage of total XP
 D = Non-vault monster count
 E = Vault monster count
 F = Vault count percentage of total count
                 A         B        C        D         E       F
            +---------+---------+-------+---------+---------+-------
      Total |   11404 |    3338 |  22.6 |     190 |      59 |  23.7
            +---------+---------+-------+---------+---------+-------
        D:1 |      12 |       0 |   0.0 |       6 |       0 |   0.0
        D:2 |      48 |       0 |   0.0 |      14 |       0 |   0.0
        D:3 |      54 |       0 |   0.0 |       4 |       0 |   0.0
        D:4 |     261 |     136 |  34.3 |       7 |       2 |  22.2
        D:5 |      60 |      14 |  18.9 |       4 |       1 |  20.0
        D:6 |    1069 |     666 |  38.4 |      27 |       2 |   6.9
        D:7 |     433 |       0 |   0.0 |      20 |       0 |   0.0
        D:8 |     831 |     912 |  52.3 |      19 |       1 |   5.0
        D:9 |    1240 |       0 |   0.0 |      30 |       0 |   0.0
       D:10 |    1547 |     303 |  16.4 |      16 |       2 |  11.1
       D:11 |    3719 |       0 |   0.0 |      32 |       0 |   0.0
       D:12 |    1937 |       0 |   0.0 |      10 |       0 |   0.0
       D:13 |     193 |     851 |  81.5 |       1 |       4 |  80.0
      Sewer |       0 |     456 | 100.0 |       0 |      47 | 100.0
            +---------+---------+-------+---------+---------+-------
